| TOP OF THE 1ST |
|
Bowling Green Hot Rods batting - Pitching for Delmarva Shorebirds : RHP Fabiano Ceriani
|
|
Pitching: RHP Fabiano Ceriani
|
|
|
Batting: LHB Sean Banks
|
0-0: Called Strike 0-1: Swinging Strike 0-2: Ball 1-2: Strikes out swinging
|
|
Batting: RHB John Downing
|
0-0: Ground out 5-3 (Groundball, 56S, EV 73.1 MPH)
|
|
Batting: RHB Dermott Kennelly
|
0-0: Called Strike 0-1: Foul Ball, location: 2F 0-2: Strikes out swinging
|
| Top of the 1st over - 0 runs, 0 hits, 0 errors, 0 left on base; Bowling Green 0 - Delmarva 0 |
| BOTTOM OF THE 1ST |
|
Delmarva Shorebirds batting - Pitching for Bowling Green Hot Rods : LHP Eduardo Lopez
|
|
Pitching: LHP Eduardo Lopez
|
|
|
Batting: RHB Kevin Popowicz
|
0-0: Called Strike 0-1: Ball 1-1: Ball 2-1: Ball 3-1: Base on Balls
|
|
Batting: RHB Ethan Finke
|
0-0: Ball 1-0: Called Strike 1-1: Grounds into double play, 6-4-3 (Groundball, 6, EV 84.4 MPH)
|
|
Batting: RHB Maup Gommers
|
0-0: Ball 1-0: Called Strike 1-1: Swinging Strike 1-2: Ball 2-2: Foul Ball, location: 2F 2-2: Ball 3-2: Base on Balls
|
|
Batting: RHB Ken Manser
|
0-0: Ball 1-0: Ball 2-0: Called Strike 2-1: Swinging Strike 2-2: Foul Ball, location: 2F 2-2: Ball 3-2: Base on Balls Maup Gommers to second
|
|
Batting: LHB Sam Williams
|
0-0: Ball 1-0: Called Strike 1-1: Ball 2-1: Fielders Choice at 2nd, U4 (Groundball, 4M, EV 85.0 MPH)
|
| Bottom of the 1st over - 0 runs, 0 hits, 0 errors, 2 left on base; Bowling Green 0 - Delmarva 0 |
| TOP OF THE 2ND |
|
Bowling Green Hot Rods batting - Pitching for Delmarva Shorebirds : RHP Fabiano Ceriani
|
|
Batting: SHB Luis Verduzco
|
0-0: SINGLE (Groundball, 23, EV 66.9 MPH) (infield hit)
|
|
Batting: RHB Tim Dower
|
0-0: Ball 1-0: Ball 2-0: Swinging Strike 2-1: Ball 3-1: Foul Ball, location: 2F 3-2: Ground out 1-3 (Groundball, 34S, EV 70.0 MPH) Luis Verduzco to second
|
|
Batting: RHB Jim Erdody
|
0-0: Fly out, F9 (Flyball, 89D, EV 96.2 MPH)
|
|
Batting: LHB Angel Ruvalcaba
|
0-0: Foul Ball, location: 2F 0-1: Swinging Strike 0-2: Strikes out swinging
|
| Top of the 2nd over - 0 runs, 1 hit, 0 errors, 1 left on base; Bowling Green 0 - Delmarva 0 |
| BOTTOM OF THE 2ND |
|
Delmarva Shorebirds batting - Pitching for Bowling Green Hot Rods : LHP Eduardo Lopez
|
|
Batting: RHB Chris McGuirk
|
0-0: Called Strike 0-1: Foul Ball, location: 2F 0-2: Ball 1-2: Ball 2-2: Foul Ball, location: 2F 2-2: Ball 3-2: Strikes out swinging
|
|
Batting: SHB Eric Kelley
|
0-0: Ball 1-0: Ball 2-0: Ground out 6-3 (Groundball, 56D, EV 103.8 MPH)
|
|
Batting: LHB Vinny Rivera
|
0-0: Swinging Strike 0-1: Ball 1-1: Swinging Strike 1-2: Strikes out swinging
|
| Bottom of the 2nd over - 0 runs, 0 hits, 0 errors, 0 left on base; Bowling Green 0 - Delmarva 0 |
| TOP OF THE 3RD |
|
Bowling Green Hot Rods batting - Pitching for Delmarva Shorebirds : RHP Fabiano Ceriani
|
|
Batting: RHB Dave Valdez
|
0-0: Ball 1-0: Called Strike 1-1: Swinging Strike 1-2: Foul Ball, location: 2F 1-2: Foul Ball, location: 2F 1-2: Ball 2-2: Ground out 5-3 (Groundball, 56, EV 104.4 MPH)
|
|
Batting: LHB Eduardo Lopez
|
0-0: Ball 1-0: Swinging Strike 1-1: Swinging Strike 1-2: Ball 2-2: Reached on error, E3 (Groundball, 3L, EV 85.0 MPH)
|
|
Batting: LHB Sean Banks
|
0-0: Called Strike 0-1: Foul Ball, location: 2F 0-2: Foul Ball, location: 2F 0-2: Fly out, F4 (Flyball, 4D, EV 89.4 MPH)
|
|
Batting: RHB John Downing
|
0-0: Called Strike 0-1: Ball 1-1: Ball Eduardo Lopez steals 2nd base 2-1: Ground out 6-3 (Groundball, 6, EV 106.2 MPH)
|
| Top of the 3rd over - 0 runs, 0 hits, 1 error, 1 left on base; Bowling Green 0 - Delmarva 0 |
| BOTTOM OF THE 3RD |
|
Delmarva Shorebirds batting - Pitching for Bowling Green Hot Rods : LHP Eduardo Lopez
|
|
Batting: RHB Ruben Domingues
|
0-0: Called Strike 0-1: Called Strike 0-2: Ball 1-2: Strikes out swinging
|
|
Batting: RHB Kevin Popowicz
|
0-0: Ball 1-0: Ball 2-0: Ball 3-0: Called Strike 3-1: Called Strike 3-2: Foul Ball, location: 2F 3-2: Fly out, F9 (Flyball, 89M, EV 95.0 MPH)
|
|
Batting: RHB Ethan Finke
|
0-0: Ball 1-0: Ball 2-0: Called Strike 2-1: Foul Ball, location: 2F 2-2: SINGLE (Groundball, 34D, EV 101.9 MPH)
|
|
Batting: RHB Maup Gommers
|
0-0: Ground out 4-3 (Groundball, 34, EV 79.4 MPH)
|
| Bottom of the 3rd over - 0 runs, 1 hit, 0 errors, 1 left on base; Bowling Green 0 - Delmarva 0 |
| TOP OF THE 4TH |
|
Bowling Green Hot Rods batting - Pitching for Delmarva Shorebirds : RHP Fabiano Ceriani
|
|
Batting: RHB Dermott Kennelly
|
0-0: Fly out, F8 (Flyball, 8RM, EV 91.2 MPH)
|
|
Batting: SHB Luis Verduzco
|
0-0: Ball 1-0: Called Strike 1-1: Ball 2-1: Called Strike 2-2: Strikes out swinging
|
|
Batting: RHB Tim Dower
|
0-0: Ball 1-0: Called Strike 1-1: Fly out, F9 (Flyball, 9D, EV 98.8 MPH)
|
| Top of the 4th over - 0 runs, 0 hits, 0 errors, 0 left on base; Bowling Green 0 - Delmarva 0 |
| BOTTOM OF THE 4TH |
|
Delmarva Shorebirds batting - Pitching for Bowling Green Hot Rods : LHP Eduardo Lopez
|
|
Batting: RHB Ken Manser
|
0-0: Called Strike 0-1: DOUBLE (Flyball, 89XD, EV 109.4 MPH)
|
|
Batting: LHB Sam Williams
|
0-0: Called Strike 0-1: Ball 1-1: Foul Ball, location: 2F 1-2: Ball 2-2: Ball 3-2: SINGLE (Flyball, 34D, EV 88.1 MPH) Ken Manser to third
|
|
Batting: RHB Chris McGuirk
|
0-0: SINGLE (Groundball, 56D, EV 101.2 MPH) Ken Manser scores Sam Williams to second
|
|
Batting: SHB Eric Kelley
|
0-0: Ball 1-0: Ground out 4-3 (Groundball, 34D, EV 81.2 MPH) Sam Williams to third Chris McGuirk to second
|
|
Batting: LHB Vinny Rivera
|
0-0: Swinging Strike 0-1: Ball 1-1: Ball 2-1: Foul Ball, location: 2F 2-2: Fly out, F7 (Line Drive, 78M, EV 91.9 MPH)
|
|
Batting: RHB Ruben Domingues
|
0-0: Foul Ball, location: 2F 0-1: Foul Ball, location: 2F 0-2: Strikes out swinging
|
| Bottom of the 4th over - 1 run, 3 hits, 0 errors, 2 left on base; Bowling Green 0 - Delmarva 1 |
| TOP OF THE 5TH |
|
Bowling Green Hot Rods batting - Pitching for Delmarva Shorebirds : RHP Fabiano Ceriani
|
|
Batting: RHB Jim Erdody
|
0-0: Foul Ball, location: 2F 0-1: Ball 1-1: Foul Ball, location: 2F 1-2: Foul Ball, location: 2F 1-2: Foul Ball, location: 2F 1-2: Ball 2-2: Foul Ball, location: 2F 2-2: Ball 3-2: Ground out 6-3 (Groundball, 6, EV 88.8 MPH)
|
|
Batting: LHB Angel Ruvalcaba
|
0-0: Called Strike 0-1: Ball 1-1: Ground out U3 (Groundball, 34S, EV 76.2 MPH)
|
|
Batting: RHB Dave Valdez
|
0-0: Swinging Strike 0-1: Ball 1-1: Foul Ball, location: 2F 1-2: Strikes out swinging
|
| Top of the 5th over - 0 runs, 0 hits, 0 errors, 0 left on base; Bowling Green 0 - Delmarva 1 |
| BOTTOM OF THE 5TH |
|
Delmarva Shorebirds batting - Pitching for Bowling Green Hot Rods : LHP Eduardo Lopez
|
|
Batting: RHB Kevin Popowicz
|
0-0: Ball 1-0: Ball 2-0: Called Strike 2-1: Ball 3-1: Base on Balls
|
|
Batting: RHB Ethan Finke
|
0-0: Ball 1-0: Ball 2-0: Called Strike 2-1: Foul Ball, location: 2F 2-2: Ball 3-2: Base on Balls Kevin Popowicz to second
|
|
Batting: RHB Maup Gommers
|
0-0: Swinging Strike 0-1: Swinging Strike 0-2: Fly out, F4 (Line Drive, 4, EV 66.9 MPH)
|
|
Batting: RHB Ken Manser
|
0-0: Ball 1-0: Called Strike 1-1: Ball 2-1: Ball 3-1: Base on Balls Kevin Popowicz to third Ethan Finke to second
|
|
Batting: LHB Sam Williams
|
0-0: Ball 1-0: Ball 2-0: Foul Ball, location: 2F 2-1: Grounds out, U3 (Groundball, 3L, EV 83.8 MPH) Kevin Popowicz scores Ethan Finke to third
|
|
Batting: RHB Chris McGuirk
|
0-0: Swinging Strike 0-1: Ball 1-1: Ground out 2-3 (Groundball, 2R, EV 68.1 MPH)
|
| Bottom of the 5th over - 1 run, 0 hits, 0 errors, 2 left on base; Bowling Green 0 - Delmarva 2 |
| TOP OF THE 6TH |
|
Bowling Green Hot Rods batting - Pitching for Delmarva Shorebirds : RHP Fabiano Ceriani
|
|
Batting: LHB Eduardo Lopez
|
0-0: Ball 1-0: Ball 2-0: Called Strike 2-1: Called Strike 2-2: Fly out, F9 (Line Drive, 9LS, EV 86.9 MPH)
|
|
Batting: LHB Sean Banks
|
0-0: Called Strike 0-1: Ball 1-1: Ball 2-1: SINGLE (Line Drive, 7S, EV 102.5 MPH)
|
|
Batting: RHB John Downing
|
0-0: Ball 1-0: Ground out 4-3 (Groundball, 34, EV 103.1 MPH) Sean Banks to second
|
|
Batting: RHB Dermott Kennelly
|
0-0: Ball 1-0: Swinging Strike 1-1: Ball 2-1: Ball 3-1: Ground out 6-3 (Groundball, 56, EV 101.2 MPH)
|
| Top of the 6th over - 0 runs, 1 hit, 0 errors, 1 left on base; Bowling Green 0 - Delmarva 2 |
| BOTTOM OF THE 6TH |
|
Delmarva Shorebirds batting - Pitching for Bowling Green Hot Rods : LHP Eduardo Lopez
|
|
Pitching: RHP Chris Harman
|
|
|
Batting: SHB Eric Kelley
|
0-0: Ball 1-0: Foul Ball, location: 2F 1-1: Ball 2-1: Ball 3-1: Base on Balls
|
|
Batting: LHB Vinny Rivera
|
0-0: Called Strike 0-1: Called Strike Eric Kelley steals 2nd base (no throw) 0-2: Foul Ball, location: 2F 0-2: Ball 1-2: Strikes out swinging, 2-3 out at first.
|
|
Batting: RHB Ruben Domingues
|
0-0: Fly out, F8 (Flyball, 8LXD, EV 90.0 MPH) Runner from 2nd tags up, SAFE at 3rd, no throw by CF
|
|
Batting: RHB Kevin Popowicz
|
0-0: Foul Ball, location: 2F 0-1: Called Strike 0-2: Reached on error, E5 (Groundball, 56S, EV 66.9 MPH) Eric Kelley scores
|
|
Batting: RHB Ethan Finke
|
0-0: Ball 1-0: SINGLE (Line Drive, 78M, EV 88.8 MPH) Kevin Popowicz to third Runner from 3rd tries for Home, SAFE, throw by LF to home Ethan Finke to second
|
|
Batting: RHB Maup Gommers
|
0-0: Ball 1-0: Ball 2-0: Ground out 5-3 (Groundball, 56, EV 83.8 MPH)
|
| Bottom of the 6th over - 2 runs, 1 hit, 1 error, 1 left on base; Bowling Green 0 - Delmarva 4 |
| TOP OF THE 7TH |
|
Bowling Green Hot Rods batting - Pitching for Delmarva Shorebirds : RHP Fabiano Ceriani
|
|
Pitching: RHP Rich Hensley
|
|
|
Batting: SHB Luis Verduzco
|
0-0: Ball 1-0: Fly out, F8 (Flyball, 8LM, EV 90.6 MPH)
|
|
Batting: RHB Tim Dower
|
0-0: Called Strike 0-1: Called Strike 0-2: Foul Ball, location: 2F 0-2: Strikes out swinging
|
|
Batting: RHB Jim Erdody
|
0-0: Fly out, F9 (Flyball, 9D, EV 88.8 MPH)
|
| Top of the 7th over - 0 runs, 0 hits, 0 errors, 0 left on base; Bowling Green 0 - Delmarva 4 |
| BOTTOM OF THE 7TH |
|
Delmarva Shorebirds batting - Pitching for Bowling Green Hot Rods : RHP Chris Harman
|
|
Batting: RHB Ken Manser
|
0-0: Foul Ball, location: 2F 0-1: Swinging Strike 0-2: Ball 1-2: Strikes out swinging
|
|
Batting: LHB Sam Williams
|
0-0: Called Strike 0-1: Ball 1-1: Ball 2-1: Called Strike 2-2: Fly out, F9 (Flyball, 9S, EV 83.1 MPH)
|
|
Batting: RHB Chris McGuirk
|
0-0: Ball 1-0: Swinging Strike 1-1: Ball 2-1: Ball 3-1: Foul Ball, location: 2F 3-2: Base on Balls
|
|
Pitching: LHP Brian Kelly
|
|
|
Batting: SHB Eric Kelley
|
0-0: Foul Ball, location: 2F 0-1: Foul Ball, location: 2F 0-2: Ball 1-2: Fielders Choice at 2nd, 6-4 (Groundball, 6, EV 86.2 MPH)
|
| Bottom of the 7th over - 0 runs, 0 hits, 0 errors, 1 left on base; Bowling Green 0 - Delmarva 4 |
| TOP OF THE 8TH |
|
Bowling Green Hot Rods batting - Pitching for Delmarva Shorebirds : RHP Rich Hensley
|
|
Batting: LHB Angel Ruvalcaba
|
0-0: Ball 1-0: Reached on error, E5 (Groundball, 56, EV 84.4 MPH)
|
|
Pinch Hitting: LHB Rocky Crowley
|
0-0: Ball 1-0: Ball 2-0: Swinging Strike 2-1: Called Strike 2-2: Foul Ball, location: 2F 2-2: Strikes out swinging
|
|
Batting: LHB Eduardo Lopez
|
0-0: Fielders Choice at 2nd, U6 (Groundball, 4M, EV 90.6 MPH)
|
|
Batting: LHB Sean Banks
|
0-0: Called Strike 0-1: Ball 1-1: Foul Ball, location: 2F 1-2: Ball 2-2: Foul Ball, location: 2F 2-2: Strikes out swinging
|
| Top of the 8th over - 0 runs, 0 hits, 1 error, 1 left on base; Bowling Green 0 - Delmarva 4 |
| BOTTOM OF THE 8TH |
|
Delmarva Shorebirds batting - Pitching for Bowling Green Hot Rods : LHP Brian Kelly
|
|
Now at 2B: Jesus Carrillo
|
|
|
Batting: LHB Vinny Rivera
|
0-0: Called Strike 0-1: Ball 1-1: Foul Ball, location: 2F 1-2: Ball 2-2: Ball 3-2: Strikes out looking
|
|
Batting: RHB Ruben Domingues
|
0-0: Ball 1-0: Ball 2-0: Called Strike 2-1: Swinging Strike 2-2: Strikes out swinging
|
|
Batting: RHB Kevin Popowicz
|
0-0: Swinging Strike 0-1: Ball 1-1: Ball 2-1: Foul Ball, location: 2F 2-2: Ball 3-2: Foul Ball, location: 2F 3-2: Strikes out swinging
|
| Bottom of the 8th over - 0 runs, 0 hits, 0 errors, 0 left on base; Bowling Green 0 - Delmarva 4 |
| TOP OF THE 9TH |
|
Bowling Green Hot Rods batting - Pitching for Delmarva Shorebirds : RHP Rich Hensley
|
|
Pitching: RHP Nick Hodge
|
|
|
Batting: RHB John Downing
|
0-0: Called Strike 0-1: Ball 1-1: Ball 2-1: Ground out 6-3 (Groundball, 6, EV 101.9 MPH)
|
|
Batting: RHB Dermott Kennelly
|
0-0: Swinging Strike 0-1: Swinging Strike 0-2: Strikes out swinging
|
|
Batting: SHB Luis Verduzco
|
0-0: Fly out, F8 (Flyball, 8LXD, EV 105.0 MPH)
|
| Top of the 9th over - 0 runs, 0 hits, 0 errors, 0 left on base; Bowling Green 0 - Delmarva 4 |
|